 Dungeon Crawl Stone Soup version 0.24-a0-458-gfcb5e6da0e (webtiles) character file.

Game seed: 16536854158626332478

155993 KristoblXynda the Carver (level 17, -16/144 HPs)
             Began as a Pale Draconian Gladiator on June 27, 2019.
             Was the Champion of Ashenzari.
             Killed from afar by a spriggan air mage (30 damage)
             ... with a bolt of lightning
             ... on level 2 of the Depths.
             The game lasted 01:31:52 (42294 turns).

KristoblXynda the Carver (DrGl)                    Turns: 42294, Time: 01:31:53

Health: -16/144    AC: 14    Str: 17    XL:     17   Next: 9%
Magic:  0/32       EV: 25    Int: 14    God:    Ashenzari [******]
Gold:   2408       SH:  9    Dex: 14    Spells: 26/38 levels left

rFire    + . .     SeeInvis +   u - +2 scimitar
rCold    + . .     Gourm    .   L - +2 buckler (curse)
rNeg     + . .     Faith    .   (armour unavailable)
rPois    +         Spirit   +   b - +1 hat
rElec    .         Reflect  .   e - scarf {repulsion}
rCorr    .         Harm     .   k - +0 pair of gloves of Gallantry {rC+ rN+} (curse)
MR       +....     Clarity  +   a - +2 pair of boots {Fly} (curse)
Stlth    +++.......             m - amulet of guardian spirit
HPRegen  1.34/turn              B - ring "Ovuhyere" {rPois rF+} (curse)
MPRegen  0.23/turn              r - +4 ring of evasion (curse)

@: flying, very slightly contaminated, regenerating (expiring), repel missiles
A: breathe steam, unfitting armour, cold-blooded, AC +9
a: Breathe Steam, Curse Item, Scrying, Transfer Knowledge, Renounce Religion,
Stop Flying


You were on level 2 of the Depths.
You worshipped Ashenzari.
Ashenzari was exalted by your worship.
You were not hungry.

You visited 7 branches of the dungeon, and saw 29 of its levels.
You also visited: Sewer and Ice Cave.

You collected 3867 gold pieces.
You spent 1459 gold pieces at shops.

Inventory:

Hand Weapons
 c - a +2 great sword of flaming
 u - a +2 scimitar (weapon)
Missiles
 q - 6 silver javelins (quivered)
Armour
 a - a cursed +2 pair of boots of flying (worn)
 b - a +1 hat (worn)
 e - a scarf of repulsion (worn)
 k - the cursed +0 pair of gloves of Gallantry (worn) {rC+ rN+}
   (You bought it in a shop on level 13 of the Dungeon)

   It protects you from cold.
   It protects you from negative energy.
   It has a curse placed upon it.
 L - a cursed +2 buckler (worn)
Jewellery
 m - an amulet of guardian spirit (around neck)
 r - a cursed +4 ring of evasion (right hand)
 B - the cursed ring "Ovuhyere" (left hand) {rPois rF+}
   (You bought it in a shop on level 13 of the Dungeon)

   [ring of protection from fire]

   It protects you from fire.
   It protects you from poison.
   It has a curse placed upon it.
Wands
 z - a wand of acid (6)
 F - a wand of digging (6)
 K - a wand of clouds (1)
Scrolls
 f - 4 scrolls of blinking
 g - 4 scrolls of remove curse
 i - 11 scrolls of identify
 l - 4 scrolls of magic mapping
 n - 8 scrolls of teleportation
 w - a scroll of enchant armour
 x - 5 scrolls of fear
 y - 13 scrolls of fog
 D - a scroll of enchant weapon
Potions
 h - 2 potions of heal wounds
 j - 2 potions of invisibility
 o - 4 potions of agility
 p - a potion of lignification
 s - 6 potions of curing
 v - 4 potions of haste
 A - a potion of brilliance
 C - 4 potions of magic
 G - a potion of berserk rage
 H - 2 potions of mutation
 I - a potion of ambrosia
Miscellaneous
 E - a box of beasts
 J - a lightning rod (inert)
Comestibles
 d - 30 rations


   Skills:
 - Level 11.1 Fighting
 + Level 14.2 Long Blades
 - Level 2.0 Throwing
 - Level 13.0 Dodging
 + Level 6.3 Stealth
 + Level 9.6(12.4) Shields
 + Level 11.3 Spellcasting
 + Level 5.0(8.0) Charms
 - Level 4.5(7.4) Necromancy
 - Level 10.4(13.2) Transmutations
 - Level 10.0(12.8) Evocations


You had 26 spell levels left.
You knew the following spells:

 Your Spells              Type           Power        Failure   Level  Hunger
b - Summon Small Mammal   Summ           #...         8%          1    None
c - Regeneration          Chrm/Necr      ####......   1%          3    None
d - Sticks to Snakes      Tmut           #####...     1%          2    None
e - Deflect Missiles      Chrm/Air       ###.......   94%         6    ######.

Your spell library contained the following spells:

 Spells                   Type           Power        Failure   Level  Hunger
 Animate Skeleton         Necr           N/A          1%          1    None
 Beastly Appendage        Tmut           #####.       1%          1    None
 Infusion                 Chrm           ####         1%          1    None
 Pain                     Necr           ####         1%          1    None
 Song of Slaying          Chrm           ####....     1%          2    None
 Spider Form              Tmut/Pois      ####......   1%          3    None
 Vampiric Draining        Necr           ####......   1%          3    None
 Blade Hands              Tmut           #####.....   1%          5    #####..
 Shroud of Golubria       Chrm/Tloc      ###...       2%          2    None
 Swiftness                Chrm/Air       ###.....     2%          2    None
 Spectral Weapon          Hex/Chrm       ###.....     4%          3    None
 Animate Dead             Necr           N/A          4%          4    ###....
 Ice Form                 Ice/Tmut       ####....     5%          4    ###....
 Apportation              Tloc           #.....       8%          1    None
 Confusing Touch          Hex            #.....       8%          1    None
 Shock                    Conj/Air       #...         8%          1    None
 Summon Butterflies       Summ           #.......     8%          1    None
 Call Imp                 Summ           #.......     12%         2    None
 Ensorcelled Hibernation  Hex/Ice        #.....       12%         2    None
 Alistair's Intoxication  Tmut/Pois      ####....     16%         5    #####..
 Yara's Violent Unravell  Hex/Tmut       ####......   16%         5    #####..
 Call Canine Familiar     Summ           #.......     24%         3    None
 Lesser Beckoning         Tloc           #.........   24%         3    None
 Static Discharge         Conj/Air       #.......     24%         3    None
 Summon Guardian Golem    Hex/Summ       #.......     24%         3    None
 Tukima's Dance           Hex            #.......     24%         3    None
 Iskenderun's Battlesphe  Conj/Chrm      ###.....     41%         5    #####..
 Borgnjor's Vile Clutch   Necr/Erth      ###.......   45%         5    #####..
 Airstrike                Air            #.........   61%         4    ###....
 Cause Fear               Hex            #.........   61%         4    ###....
 Summon Ice Beast         Ice/Summ       #.......     61%         4    ###....
 Summon Lightning Spire   Summ/Air       #.......     61%         4    ###....
 Bolt of Magma            Conj/Fire/Erth #.........   91%         5    #####..
 Lightning Bolt           Conj/Air       #.........   91%         5    #####..
 Silence                  Hex/Air        #.........   91%         5    #####..
 Venom Bolt               Conj/Pois      #.........   91%         5    #####..
 Darkness                 Hex            #.........   100%        6    ######.
 Invisibility             Hex            #.......     100%        6    ######.
 Iron Shot                Conj/Erth      #.........   100%        6    ######.
 Shadow Creatures         Summ           N/A          100%        6    ######.
 Orb of Destruction       Conj           #.........   100%        7    #######
 Spellforged Servitor     Conj/Summ      #.........   100%        7    #######
 Discord                  Hex            #.........   100%        8    #######


Dungeon Overview and Level Annotations

Branches:
Dungeon (15/15)            Temple (1/1) D:4            Lair (6/6) D:9
  Swamp (1/4) Lair:2        Snake (2/4) Lair:4        Slime (0/5) Lair:5
    Orc (2/2) D:9             Elf (0/3) Orc:2        Vaults (0/5) D:13
 Depths (2/5) D:15

Altars:
Ashenzari
Cheibriados
Dithmenos
Elyvilon
Fedhas
Gozag
Hepliaklqana
Kikubaaqudgha
Makhleb
Nemelex Xobeh
Okawaru
Qazlal
Ru
Sif Muna
Trog
Uskayaw
Vehumet
Wu Jian
Xom
Yredelemnul
Zin
The Shining One
Beogh
Lugonu

Shops:
D:6 ?   D:13 *[=[[   D:14 }   Orc:2 :(=(

Portals:
Hell: Depths:1
Abyss: Depths:1
Ziggurat: Depths:2


Innate Abilities, Weirdness & Mutations

You can breathe blasts of scalding, opaque steam.
Your pale cyan-grey scales are hard. (AC +9)
You cannot fit into any form of body armour.
You are cold-blooded and may be slowed by cold attacks.


Message History

Press: ? - help, Dir - move target cursor You are very lightly contaminated with residual magic.
As you read the scroll of blinking, it crumbles to dust.
Casting: Regeneration (safe; 1% risk of failure)
Confirm with . or Enter, or press ? or * to list all spells.
Your skin crawls.
The spriggan air mage waves its arms in wide circles.
The air twists around and violently strikes you in flight!
* * * LOW HITPOINT WARNING * * *
The spriggan air mage waves its arms in wide circles.
The air twists around and violently strikes you in flight!
* * * LOW HITPOINT WARNING * * *
The spriggan air mage waves its arms in wide circles.
The air twists around and violently strikes you in flight!
* * * LOW HITPOINT WARNING * * *
The red ugly thing basks in the mutagenic energy from its kin and changes!
Your skin is crawling a little less now.
The spriggan air mage points at you and mumbles some strange words.
The bolt of lightning hits you!!
You die...

#./......# *,,,****,,,* *
#........# *,,,,,,,,,,* *
#........# #.........,* *
#........# #.........,* *
#........# #.........,* *
#........# #.........,***
#.......=# #.......#.,,,,
#........# #......###,,,,
#.......@###.....##.#*,,,
#...............##A∩.#*,,
#.............|..##.##,,*
#..........u......###.,**
#......>.###ii.....#..***
#........# #i......[..* *
#........# #{.........***
#........# #.u........**,
#........# #i.........*,,


You could see a purple ugly thing and 3 spriggan air magi.

Vanquished Creatures
  Rupert (D:15)
  Kirke (Lair:2)
  A fire giant (Depths:1)
  A stone giant (Depths:1)
  An ettin (Depths:1)
  Josephine (D:13)
  2 fire dragons
  2 great orbs of eyes
  4 ice dragons
  A naga warrior (Snake:2)
  A yaktaur captain (D:15)
  4 vault guards (D:13)
  7 hydras
  Fannar (D:10)
  7 centaur warriors
  6 ogre magi
  A death knight (D:15)
  20 two-headed ogres
  2 tengu warriors (Depths:1)
  A queen ant (Lair:2)
  An alligator (Lair:2)
  2 death yaks (Lair:6)
  A deep troll earth mage (Depths:1)
  A vampire mage (Depths:1)
  A naga sharpshooter (Snake:2)
  3 sun demons (Depths:1)
  2 shock serpents (Snake:2)
  Nergalle (Lair:4)
  A fire crab (D:15)
  A soul eater (Depths:1)
  4 skeletal warriors (D:15)
  3 deep trolls (Depths:1)
  An unseen horror (D:15)
  A swamp dragon (Lair:6)
  An obsidian statue (Depths:1)
  A shadow demon (Depths:1)
  Pikel (D:5)
  5 orc knights
  3 salamanders (Snake:1)
  A necromancer (Lair:4)
  22 ugly things
  3 orc sorcerers (Orc:1)
  2 deep elf magi (D:15)
  5 mana vipers
  2 manticores (shapeshifter) (D:15)
  4 cyclopes
  4 manticores
  4 oklob plants (Lair:5)
  4 naga magi (Snake:1)
  10 elephants
  Psyche (D:10)
  A rust devil (Depths:1)
  13 black mambas
  3 gargoyles
  3 orange demons (Depths:1)
  A torpor snail (Lair:6)
  2 ice statues (IceCv)
  2 rime drakes (IceCv)
  9 spiny frogs
  3 kobold demonologists (D:15)
  9 komodo dragons
  4 freezing wraiths (D:15)
  2 red devils (Depths:1)
  8 polar bears (Lair:6)
  6 trolls
  14 blink frogs
  3 hornets
  A tyrant leech (Lair:2)
  A dream sheep (shapeshifter) (D:15)
  6 slime creatures
  8 hippogriffs
  Prince Ribbit (D:5)
  3 raiju (Lair:6)
  A hippogriff (shapeshifter) (D:15)
  A shadow (D:13)
  6 wraiths
  A redback (shapeshifter) (D:15)
  52 yaks
  Sigmund (D:5)
  A spriggan (D:7)
  A water elemental (Depths:1)
  A hog (Swamp:1)
  A vampire (D:13)
  5 basilisks
  A wyvern (D:15)
  A yak (shapeshifter) (D:15)
  5 steam dragons
  13 vampire mosquitoes
  4 hungry ghosts
  A swamp worm (Lair:2)
  8 wargs
  9 soldier ants (Lair:2)
  4 nagas (Snake:1)
  17 water moccasins
  2 acid dragons
  A swamp drake (Lair:6)
  12 hell hounds (Lair:6)
  27 ice beasts
  9 porcupines
  16 orc warriors
  3 slaves (D:5)
  10 black bears (Lair:6)
  3 phantoms
  2 sky beasts (D:13)
  3 elephant zombies (Lair:4)
  33 ogres
  2 eyes of draining (D:13)
  7 boggarts (D:15)
  15 centaurs
  54 wolves
  17 crocodiles
  3 big kobolds
  Blork the orc (D:5)
  26 bullfrogs
  4 scorpions
  A vampire bat (Orc:2)
  4 wights (D:12)
  3 howler monkeys
  3 electric eels
  6 crimson imps
  4 bullfrog zombies
  5 centaur zombies
  An iron imp (Depths:1)
  2 basilisk zombies (Lair:4)
  7 hounds
  3 jellies
  A quasit (D:13)
  6 centaur skeletons
  17 orc priests
  Crazy Yiuf (D:7)
  4 iguanas
  18 orc wizards
  25 worker ants
  A crocodile zombie (Lair:4)
  2 hound skeletons
  A howler monkey zombie (D:8)
  7 gnolls
  A howler monkey skeleton (D:10)
  19 adders
  3 river rats (Sewer)
  3 shadow imps
  A white imp (Depths:1)
  2 oozes
  3 adder skeletons
  An adder zombie (D:7)
  3 worms
  2 dart slugs (D:1)
  6 leopard geckos
  66 orcs
  9 bats
  4 giant cockroaches
  7 goblins
  7 hobgoblins
  24 jackals
  6 quokkas
  17 ball pythons
  9 frilled lizards
  3 giant cockroach zombies
  14 kobolds
  2 leopard gecko skeletons
  2 quokka skeletons
  32 rats
  2 plants
1018 creatures vanquished.

Vanquished Creatures (collateral kills)
  A fire dragon (Lair:6)
  A polar bear (Lair:6)
  A black bear (Lair:6)
3 creatures vanquished.

Vanquished Creatures (others)
  A blink frog (Lair:6)
  A human (Swamp:1)
  2 fungi (Lair:3)
  23 plants
27 creatures vanquished.

Grand Total: 1048 creatures vanquished

Notes
Turn   | Place    | Note
-------+----------+-------------------------------------------
     0 | D:1      | KristoblXynda the Draconian Gladiator began the quest for
                  | the Orb.
     0 | D:1      | Reached XP level 1. HP: 17/17 MP: 1/1
    92 | D:1      | Reached XP level 2. HP: 23/25 MP: 2/2
   444 | D:1      | Reached XP level 3. HP: 30/30 MP: 3/3
  1058 | D:2      | Reached skill level 4 in Long Blades
  1058 | D:2      | Reached XP level 4. HP: 24/38 MP: 4/4
  1981 | D:3      | Reached XP level 5. HP: 34/45 MP: 5/5
  2645 | D:4      | Reached skill level 5 in Long Blades
  2735 | D:4      | Found a glowing golden altar of the Shining One.
  2780 | D:4      | Reached XP level 6. HP: 47/52 MP: 6/6
  3135 | D:4      | Found a staircase to the Ecumenical Temple.
  3274 | Temple   | Entered the Ecumenical Temple
  3332 | Temple   | Became a worshipper of Ashenzari the Shackled
  3588 | D:5      | Entered Level 5 of the Dungeon
  3588 | D:5      | Found a white marble altar of Elyvilon.
  3644 | D:5      | Noticed Sigmund
  4114 | D:5      | Noticed Prince Ribbit
  4131 | D:5      | Killed Prince Ribbit
  4131 | D:5      | Reached skill level 6 in Long Blades
  4131 | D:5      | Your scales start taking on a pale cyan-grey colour.
  4131 | D:5      | Reached XP level 7. HP: 60/60 MP: 7/7
  4280 | D:5      | Reached skill level 5 in Fighting
  4513 | D:5      | Noticed Pikel
  4530 | D:5      | Killed Pikel
  4530 | D:5      | Reached skill level 7 in Long Blades
  4530 | D:5      | Reached skill level 5 in Dodging
  4530 | D:5      | Reached XP level 8. HP: 46/70 MP: 8/8
  4615 | D:5      | Noticed Blork the orc
  4620 | D:5      | Killed Blork the orc
  4713 | D:5      | Reached skill level 8 in Long Blades
  5025 | D:5      | Killed Sigmund
  5076 | D:6      | Found a glowing drain.
  5088 | Sewer    | Entered a sewer
  5504 | D:6      | Found Fifukhlio's Magic Scroll Shoppe.
  5505 | D:6      | Reached * piety under Ashenzari
  5518 | D:6      | Reached XP level 9. HP: 74/78 MP: 9/9
  5520 | D:6      | Reached skill level 9 in Long Blades
  5523 | D:6      | Bought a scroll of enchant armour for 82 gold pieces
  6247 | D:7      | Reached skill level 1 in Evocations
  6319 | D:7      | Found a runed translucent door.
  6320 | D:7      | Noticed Crazy Yiuf
  6476 | D:7      | Killed Crazy Yiuf
  7270 | D:7      | Found a basalt altar of Yredelemnul.
  7320 | D:7      | Found a white marble altar of Elyvilon.
  7697 | D:8      | Noticed a two-headed ogre
  7705 | D:8      | Killed a two-headed ogre
  7708 | D:8      | Reached XP level 10. HP: 48/88 MP: 8/13
  8001 | D:8      | Reached skill level 10 in Long Blades
  8365 | D:9      | Found a staircase to the Orcish Mines.
  8629 | D:9      | Learned a level 1 spell: Animate Skeleton
  8631 | D:9      | Learned a level 1 spell: Summon Small Mammal
  8651 | D:9      | Found a hide-covered altar of Uskayaw.
  8656 | D:9      | Found an opulent altar of Gozag.
  8657 | D:9      | Found an ornate altar of the Wu Jian Council.
  8658 | D:9      | Found an iron altar of Okawaru.
  8658 | D:9      | Found a bloodstained altar of Trog.
  8685 | D:9      | Reached skill level 5 in Evocations
  8695 | D:9      | Found a sparkling altar of Nemelex Xobeh.
  8966 | D:9      | Found a snail-covered altar of Cheibriados.
  8967 | D:9      | Found a glowing silver altar of Zin.
  8968 | D:9      | Found a shimmering altar of Xom.
  8969 | D:9      | Found an ancient bone altar of Kikubaaqudgha.
  9350 | D:9      | Found a staircase to the Lair.
  9529 | D:9      | Reached ** piety under Ashenzari
  9617 | Lair:1   | Entered Level 1 of the Lair of Beasts
  9629 | D:10     | Entered Level 10 of the Dungeon
  9653 | D:10     | Paralysed by a hornet for 1 turns
  9745 | D:10     | Noticed Fannar
  9989 | D:10     | Killed Fannar
  9989 | D:10     | Reached XP level 11. HP: 97/97 MP: 13/15
 10146 | D:10     | Noticed Psyche
 10151 | D:10     | Killed Psyche
 10383 | D:10     | Reached skill level 1 in Shields
 10534 | D:10     | Reached skill level 11 in Long Blades
 10555 | D:10     | Reached skill level 10 in Fighting
 10822 | D:10     | Noticed a two-headed ogre
 10839 | D:10     | Killed a two-headed ogre
 10886 | D:10     | Reached skill level 1 in Necromancy
 11040 | D:11     | Noticed a white ugly thing
 11057 | D:11     | Killed a white ugly thing
 12438 | D:12     | Reached *** piety under Ashenzari
 12679 | D:12     | Reached skill level 1 in Spellcasting
 12679 | D:12     | Reached XP level 12. HP: 84/106 MP: 16/18
 13044 | D:12     | Reached skill level 1 in Stealth
 13098 | D:12     | Learned a level 3 spell: Regeneration
 13531 | D:13     | Found a corrupted altar of Lugonu.
 13531 | D:13     | Noticed a six-headed hydra
 13535 | D:13     | Found Xaariddu's Jewellery Shoppe.
 13542 | D:13     | Found Nazxugg's General Store.
 13613 | D:13     | Noticed Josephine
 14197 | Lair:1   | Reached skill level 12 in Long Blades
 14204 | Lair:1   | Reached skill level 1 in Charms
 14223 | Lair:1   | Reached skill level 10 in Dodging
 14836 | Lair:1   | Noticed a seven-headed hydra
 14846 | Lair:1   | Killed a seven-headed hydra
 14946 | Lair:1   | Found a shimmering altar of Xom.
 15103 | Lair:1   | Reached **** piety under Ashenzari
 15511 | Lair:2   | Reached XP level 13. HP: 100/113 MP: 16/19
 15785 | Lair:2   | Found a frozen archway.
 15860 | IceCv    | Entered an ice cave
 15866 | IceCv    | Reached skill level 5 in Stealth
 16908 | IceCv    | Reached skill level 5 in Spellcasting
 17223 | IceCv    | Learned a level 2 spell: Sticks to Snakes
 17432 | Lair:2   | Reached skill level 1 in Transmutations
 17769 | Lair:2   | Found a staircase to the Swamp.
 18999 | Lair:3   | Learned a level 6 spell: Deflect Missiles
 19488 | Lair:3   | Reached skill level 13 in Long Blades
 20138 | Lair:4   | Reached ***** piety under Ashenzari
 20551 | Lair:4   | Noticed Nergalle
 20751 | Lair:4   | Killed Nergalle
 21123 | Lair:4   | Found a staircase to the Snake Pit.
 22068 | Lair:5   | Reached XP level 14. HP: 123/124 MP: 23/23
 23276 | Lair:5   | Found a staircase to the Slime Pits.
 23348 | Lair:6   | Entered Level 6 of the Lair of Beasts
 23764 | Lair:5   | Reached skill level 5 in Transmutations
 27213 | Lair:6   | Reached skill level 14 in Long Blades
 27888 | D:13     | Found Teowinga's Antique Armour Shoppe.
 27896 | D:13     | Found Jekhlirhu's Antique Armour Boutique.
 27948 | D:13     | Bought a runed scarf for 296 gold pieces
 27948 | D:13     | Bought a pair of faintly glowing gloves for 351 gold pieces
 27964 | D:13     | Identified the +0 pair of gloves of Gallantry {rC+ rN+}
                  | (You bought it in a shop on level 13 of the Dungeon)
 28223 | D:13     | Bought the ring "Ovuhyere" {rPois rF+} for 470 gold pieces
 28223 | D:13     | Bought an uncursed ring of poison resistance for 260 gold
                  | pieces
 28349 | D:13     | Identified a scroll of acquirement
 28421 | D:13     | Found a gate to the Vaults.
 28670 | D:13     | Killed Josephine
 28891 | D:13     | Reached XP level 15. HP: 54/129 MP: 12/27
 29276 | D:13     | Found Tylleot's Antique Armour Boutique.
 29392 | D:14     | Found Ishorech's Gadget Emporium.
 30101 | D:14     | Found a glowing silver altar of Zin.
 30503 | D:14     | Reached skill level 5 in Shields
 30795 | D:14     | Reached skill level 10 in Evocations
 31036 | D:15     | Entered Level 15 of the Dungeon
 31209 | D:15     | Noticed Rupert
 31892 | D:15     | Found a staircase to the Depths.
 32927 | D:15     | Killed Rupert
 34391 | Orc:1    | Entered Level 1 of the Orcish Mines
 34792 | Orc:1    | Found a roughly hewn altar of Beogh.
 34804 | Orc:1    | Reached XP level 16. HP: 137/137 MP: 29/29
 35116 | Orc:1    | Reached skill level 10 in Spellcasting
 35196 | Orc:2    | Entered Level 2 of the Orcish Mines
 35327 | Orc:2    | Reached ****** piety under Ashenzari
 35737 | Orc:2    | Found a staircase to the Elven Halls.
 36527 | Orc:2    | Found Ito Qaap's Weapon Shoppe.
 36527 | Orc:2    | Found Qoirghiokh's Jewellery Shop.
 36528 | Orc:2    | Found Emurumo's Antique Weapon Shop.
 36528 | Orc:2    | Found Ulokisury's Book Emporium.
 37162 | Snake:1  | Entered Level 1 of the Snake Pit
 37427 | Snake:1  | Reached skill level 10 in Transmutations
 38531 | Swamp:1  | Entered Level 1 of the Swamp
 38531 | Swamp:1  | Noticed Kirke
 38534 | Swamp:1  | Noticed a tentacled monstrosity
 38553 | Lair:2   | Killed Kirke
 38972 | Depths:1 | Entered Level 1 of the Depths
 40962 | Depths:1 | Found a one-way gate to the infinite horrors of the Abyss.
 41392 | Depths:1 | Reached XP level 17. HP: 144/144 MP: 32/32
 42052 | Depths:1 | Found a gateway to Hell.
 42240 | Depths:2 | Found a gateway to a ziggurat.
 42281 | Depths:2 | Reached skill level 5 in Charms
 42289 | Depths:2 | HP: 7/144 [spriggan air mage (illusionary)/the air (11)]
 42294 | Depths:2 | Killed from afar by a spriggan air mage

Levels and vault maps discovered:
D:1:      roderic_crossed_star, layout_basic, minmay_bisected
D:2:      layout_basic, serial_corexii_hall, chequers_hall_statues_y,
          chequers_hall_statues_y, first_ration
D:3:      layout_basic
D:4:      layout_gridville, lemuel_round_altar, minmay_temple_entry_glassed_door
D:5:      layout_loops_ring, basic_altar, kennysheep_opposing_triangles,
          uniq_blork_the_orc, uniq_prince_ribbit1, uniq_pikel, uniq_sigmund
D:6:      layout_gridville, cheibrodos_sewer_entry_drain, serial_shops, shop
D:7:      layout_cave_pods, kennysheep_ying_yang, the_bakery,
          uniq_crazy_yiuf_cottage
D:8:      layout_cave_pools
D:9:      layout_roguey, minitemple, minmay_lair_entry_grove, orc_0_dummy,
          evilmike_butchery
D:10:     layout_irregular_city, minmay_misc_feat_encased, chequers_garden,
          uniq_fannar, uniq_psyche
D:11:     layout_cave_pools
D:12:     layout_layer_cave, grunt_decor_mini_mirrors
D:13:     layout_basic, lightli_vaults_fourway_checkpoint, serial_shops, shop,
          nicolae_shop_stone, shop_statue, kennysheep_mini_moat, shop,
          tgw_lugonu_bribe, uniq_josephine
D:14:     layout_gridville, serial_shops, nicolae_shop_statue_plus, basic_altar
D:15:     gammafunk_enter_depths_forms, layout_basic, serial_glass,
          glass_columns_a, glass_columns_b, minmay_strange_pillars,
          minmay_shattered_shrine, uniq_rupert
Temple:   compressed_dpeg_triangle_lava_temple
Lair:1:   layout_hall_layers, basic_altar, nicolae_quartered_pool_medium,
          grunt_forest_large_clearings
Lair:2:   layout_gridlike, minmay_swamp_entry_worms,
          portal_ice_cave_entry_ice_beasts, minmay_another_anthill
Lair:3:   layout_misc_corridors
Lair:4:   pond_and_an_island_with_a_cottage, layout_regular_city,
          minmay_snake_entry_six_corridors, st_stairs_12, uniq_nergalle
Lair:5:   layout_hall_layers, dpeg_slime_entry_corner,
          grunt_forest_small_clearing_treed, minmay_lair_oklob_chamber,
          infiniplex_staircase_pool_2
Lair:6:   hangedman_lair_caniforms_friends, layout_layer_cave,
          guppyfry_lair_end_dragon
Swamp:1:  layout_falls_marsh, nicolae_swamp_feature_on_the_river_bank,
          uniq_nikola, uniq_kirke
Snake:1:  layout_rooms, drop_trap
Snake:2:  layout_rooms, special_room, serial_bayou_shore_b, lemuel_fruit_tree
Orc:1:    layout_caves, mines1_david
Orc:2:    st_orc_ogre_mass, layout_diamond_mine, roderic_batcave
Depths:1: layout_gridlike, minmay_misc_feat_tower, abyss_entry,
          grunt_hell_entry_demonic_statue, minmay_misc_feat_rugged,
          lemuel_flamethrower_3
Depths:2: minmay_strange_plus, layout_long_grid, enter_ziggurat_f,
          grunt_pan_entry_spiral, minmay_misc_feat_more_columns, abyss_entry,
          hell_entry, kennysheep_minor_cross

Skill      XL: |  1  2  3  4  5  6  7  8  9 10 11 12 13 14 15 16 17 |
---------------+----------------------------------------------------+-----
Throwing       | 2 |  2.0
Dodging        | 3 4 5 6 7 8 9 10 11 12 13 | 13.0
Fighting       | 3 4 5 6 8 9 10 11 | 11.1
Long Blades    | 4 5 6 7 8 9 10 11 12 13 14 | 14.2
Evocations     | 4 6 8 9 10 | 10.0
Shields        | 3 4 7 9 |  9.6
Necromancy     | 3 4 |  4.5
Spellcasting   | 1 4 6 8 9 11 | 11.3
Stealth        | 4 5 6 |  6.3
Charms         | 2 4 5 |  5.0
Transmutations | 4 7 9 10 | 10.4

Action                   |  1- 3 |  4- 6 |  7- 9 | 10-12 | 13-15 | 16-18 || total
-------------------------+-------+-------+-------+-------+-------+-------++-------
Melee: Long sword        |    93 |   168 |    51 |       |       |       ||   312
       Tailslap          |    13 |    29 |    53 |   142 |   393 |   173 ||   803
       Scimitar          |       |       |   217 |   729 |  2195 |   835 ||  3976
Throw: Throwing net      |       |       |     1 |     2 |     2 |     1 ||     6
 Cast: Regeneration      |       |       |       |       |     7 |     5 ||    12
Invok: Curse Item        |       |       |       |     2 |     2 |     1 ||     5
 Abil: Breathe Steam     |       |       |    20 |    51 |   136 |    54 ||   261
Evoke: Wand              |       |       |     1 |     9 |    23 |     5 ||    38
       Lightning rod     |       |       |       |       |     8 |     7 ||    15
       Sack of spiders   |       |       |       |       |     1 |       ||     1
  Use: Scroll            |       |     4 |     7 |    10 |    10 |    10 ||    41
       Potion            |       |     1 |       |    11 |    13 |     3 ||    28
 Stab: Sleeping          |     1 |       |       |     4 |    11 |     4 ||    20
       Held in net/web   |       |       |       |       |     4 |     1 ||     5
       Distracted        |       |       |       |       |     1 |       ||     1
       Invisible         |       |       |       |       |     1 |       ||     1
  Eat: Chunk             |       |     7 |    13 |    18 |    30 |     9 ||    77
       Ration            |       |     1 |     1 |     4 |    15 |     7 ||    28
Armor: Skin              |    27 |    41 |    47 |   137 |   388 |    91 ||   731
Dodge: Dodged            |    75 |   160 |   306 |   579 |  1647 |   592 ||  3359
       Deflected         |       |       |       |       |    14 |    14 ||    28
Block: Buckler           |       |       |       |   125 |   481 |   237 ||   843
       Rpst.: Long sword |    23 |    48 |    19 |       |       |       ||    90
       Scimitar          |       |       |    79 |   157 |   389 |   128 ||   753

Table legend:
 A = Non-vault XP
 B = Vault XP
 C = Vault XP percentage of total XP
 D = Non-vault monster count
 E = Vault monster count
 F = Vault count percentage of total count
                 A         B        C        D         E       F
            +---------+---------+-------+---------+---------+-------
      Total |  136419 |   86429 |  38.8 |     655 |     362 |  35.6
            +---------+---------+-------+---------+---------+-------
        D:1 |      57 |       3 |   5.0 |      30 |       2 |   6.2
        D:2 |      52 |       0 |   0.0 |      10 |       0 |   0.0
        D:3 |     105 |       0 |   0.0 |      28 |       0 |   0.0
        D:4 |     211 |       0 |   0.0 |      15 |       0 |   0.0
        D:5 |     611 |    1266 |  67.4 |      23 |       6 |  20.7
        D:6 |     438 |       3 |   0.7 |      19 |       2 |   9.5
        D:7 |     774 |     251 |  24.5 |      27 |       2 |   6.9
        D:8 |    2054 |       0 |   0.0 |      32 |       0 |   0.0
        D:9 |    1469 |    2106 |  58.9 |      16 |      13 |  44.8
       D:10 |    4755 |    1377 |  22.5 |      25 |       2 |   7.4
       D:11 |    1858 |       0 |   0.0 |      13 |       0 |   0.0
       D:12 |    6627 |       0 |   0.0 |      45 |       0 |   0.0
       D:13 |    7574 |    7727 |  50.5 |      36 |      15 |  29.4
       D:14 |   13475 |       0 |   0.0 |      37 |       0 |   0.0
       D:15 |   19021 |   13657 |  41.8 |      44 |      24 |  35.3
     Lair:1 |    5604 |    3722 |  39.9 |      22 |      32 |  59.3
     Lair:2 |    4642 |    6454 |  58.2 |      25 |      35 |  58.3
     Lair:3 |    6096 |       0 |   0.0 |      25 |       0 |   0.0
     Lair:4 |    2976 |    3819 |  56.2 |      16 |      24 |  60.0
     Lair:5 |    6679 |    2646 |  28.4 |      21 |       7 |  25.0
     Lair:6 |    7908 |   13190 |  62.5 |      24 |      67 |  73.6
    Swamp:1 |       0 |     210 | 100.0 |       0 |       1 | 100.0
    Snake:1 |    9068 |       0 |   0.0 |      22 |       0 |   0.0
    Snake:2 |    4680 |       0 |   0.0 |       6 |       0 |   0.0
      Orc:1 |    3971 |       0 |   0.0 |      25 |       0 |   0.0
      Orc:2 |    3691 |   17045 |  82.2 |      40 |      44 |  52.4
   Depths:1 |   19828 |    7160 |  26.5 |      26 |      18 |  40.9
   Depths:2 |    2195 |       0 |   0.0 |       3 |       0 |   0.0
      Sewer |       0 |     340 | 100.0 |       0 |      48 | 100.0
      IceCv |       0 |    5453 | 100.0 |       0 |      20 | 100.0
            +---------+---------+-------+---------+---------+-------
